 Dungeon Crawl Stone Soup version 0.24.1-5-g77f818bfca (webtiles) character file.

Game seed: 6118778626171596657, levelgen mode: deterministic

47 Peloso the Skirmisher (level 3, 33/33 HPs)
             Began as a Hill Orc Fighter on Apr 24, 2020.
             Got out of the dungeon alive.
             The game lasted 00:03:39 (1258 turns).

Peloso the Skirmisher (Hill Orc Fighter)            Turns: 1258, Time: 00:03:40

Health: 33/33      AC:  8    Str: 18    XL:     3   Next: 70%
Magic:  3/3        EV:  7    Int:  8    God:
Gold:   42         SH:  9    Dex: 11    Spells: 2/2 levels left

rFire    . . .     SeeInvis .   a - +0 long sword
rCold    . . .     Gourm    .   c - +0 shield
rNeg     . . .     Faith    .   b - +0 scale mail
rPois    .         Spirit   .   (no helmet)
rElec    .         Reflect  .   j - +0 cloak
rCorr    .         Harm     .   (no gloves)
MR       .....                  (no boots)
Stlth    ..........             (no amulet)
HPRegen  0.11/turn              (no ring)
MPRegen  0.08/turn              (no ring)

@: no status effects
A: no striking features
a: no special abilities


You escaped.
You were not hungry.

You visited 1 branch of the dungeon, and saw 2 of its levels.

You collected 42 gold pieces.

Inventory:

Hand Weapons
 a - a +0 long sword (weapon)
Armour
 b - a +0 scale mail (worn)
 c - a +0 shield (worn)
 j - a +0 cloak (worn)
Scrolls
 e - 2 scrolls of amnesia {unknown}
 i - a scroll of enchant weapon {unknown}
 l - a scroll of remove curse {unknown}
Potions
 d - a potion of might
 g - 3 potions of curing {unknown}
 h - a potion of mutation {unknown}
 k - a potion of haste {unknown}
Comestibles
 f - 4 rations


   Skills:
 + Level 4.0 Fighting
 + Level 3.0 Long Blades
 + Level 3.7 Armour
 + Level 0.2 Dodging
 + Level 3.8 Shields


You had 2 spell levels left.
You didn't know any spells.
Your spell library was empty.

Dungeon Overview and Level Annotations

Branches:
Dungeon (2/15)

Altars:
Trog


Message History

You closely miss the kobold.
The kobold barely misses you. x2; You riposte.
You slash the kobold!
You kill the kobold!
Things that are here:
a +0 whip; 3 stones; a kobold corpse
(D) Dungeon
Where to? (? - help)
What level of the Dungeon? (default 1, ? - help)
Found a scroll labeled WANUUXY PYPLU.
Found a stone staircase leading down.
Found a stone staircase leading down.
There is a stone staircase leading up here.
You climb upwards.
There is a stone staircase leading down here.
There is an open door here.
There is an open door here.
There is an open door here.
There is a staircase leading out of the dungeon here.
Are you sure you want to leave the Dungeon?
This will make you lose the game!
You have escaped!

#.....########.########.....#..
#....## ###.......### ##....#.#
##..## ##...........## ##...#..
#..# ##....#####....## #...###
#..# #...#########...# #...#
#.####..##.......##..####..#
#.# #...#..##'##..#...# #..###
#.# #..##.##...##.##..# #.....
##.# #..##.##.@.##.##..# #.#.##
#..# #..##.##...##.##..# #.....
#..# #...#..#####..#...# #.#.##
#..####..##.......##..####.....
#...# #...####.####...# #....#.
#...# ##....##'##....## #..#.#.
#...## ##...........## ##..#.##
#....## ###.......### ##...#...
#.....#################....####


There were no monsters in sight!

Vanquished Creatures
  2 adders (D:2)
  An ooze (D:1)
  A worm (D:2)
  A leopard gecko (D:1)
  3 hobgoblins
  4 bats
  4 goblins (D:2)
  6 kobolds
  3 rats
25 creatures vanquished.

Notes
Turn   | Place    | Note
-------+----------+-------------------------------------------
     0 | D:1      | Peloso the Hill Orc Fighter began the quest for the Orb.
     0 | D:1      | Reached XP level 1. HP: 19/19 MP: 1/1
   202 | D:1      | Reached XP level 2. HP: 24/27 MP: 2/2
   983 | D:2      | Found a bloodstained altar of Trog.
  1004 | D:2      | Reached XP level 3. HP: 31/33 MP: 3/3
  1096 | D:2      | Reached skill level 4 in Fighting
  1258 | D:$      | Got out of the dungeon alive.

Levels and vault maps discovered:
D:1:      dpeg_arrival_concentric_ovals, layout_basic, minmay_misc_feat_rows
D:2:      layout_basic, trog_hazing_becter

Skill      XL: |  1  2  3 |
---------------+----------+-----
Fighting       | 4 |  4.0
Long Blades    | 3 |  3.0
Armour         | |  3.7
Dodging        | |  0.2
Shields        | |  3.8

Action                   || total
-------------------------++-------
Melee: Long sword        ||   127
  Eat: Chunk             ||     1
Armor: Scale mail        ||    76
Dodge: Dodged            ||    54
Block: Shield            ||    80
       Rpst.: Long sword ||    13
